 Dungeon Sprint DCSS version 0.31.0-9-g3a7656b989 (webtiles) character file.

Game seed: 10011285176844970782

157 Heoruswealwe the Spear-Bearer (level 5, -1/52 HPs)
             Began as a Minotaur Fighter on Feb 2, 2024.
             Splashed by a jelly's acid (3 damage)
             ... in the Dungeon (Sprint IX: "|||||||||||||||||||||||||||||").
             The game lasted 00:00:36 (48 turns).

Heoruswealwe the Spear-Bearer (Minotaur Fighter)      Turns: 48, Time: 00:00:37

Health: -1/52      AC:  7    Str: 22    XL:     5   Next: 15%
Magic:  4/4        EV:  9    Int:  5    God:
Gold:   0          SH:  4    Dex: 10    Spells: 4/4 levels left

rFire   . . .        a - +0 trident
rCold   . . .        d - +0 buckler
rNeg    . . .        c - +0 scale mail
rPois   .            (helmet restricted)
rElec   .            (no cloak)
rCorr   .            (no gloves)
SInv    .            (no boots)
Will    .....        (no amulet) Stlth
                     (no ring)
HPRegen 0.28/turn    (no ring)
MPRegen 0.09/turn

%: no teleportation
@: no status effects
A: horns 2, retaliatory headbutt
a: no special abilities


You were in the Dungeon.
You visited 1 branch

Inventory:

Hand Weapons
 a - a +0 trident (weapon)
Armour
 c - a +0 scale mail (worn)
 d - a +0 buckler (worn)
Scrolls
 j - a scroll of blinking
Potions
 b - a potion of might
 e - a potion of curing
 g - a potion of haste
 h - 2 potions of magic
 i - a potion of berserk rage


   Skills:
 + Level 7.2 Fighting
 * Level 9.2 Polearms
 + Level 7.2 Armour
 - Level 3.6 Shields


You had 4 spell levels left.
You didn't know any spells.
Your spell library was empty.

Dungeon Overview and Level Annotations

Branches:
Dungeon (1/1)

Altars:


Innate Abilities, Weirdness & Mutations

You have a pair of horns on your head.
You reflexively headbutt those who attack you in melee.


Message History

You puncture the bombardier beetle!
You kill the bombardier beetle!
Your Polearms skill increases to level 8!
You barely miss the iguana. Your headbutt misses the iguana.
You hit the iguana.
You headbutt the iguana, but do no damage.
The iguana is moderately wounded.
The iguana bites you!
You hit the iguana.
The iguana is heavily wounded.
You block the iguana's attack.
You closely miss the iguana.
The iguana is heavily wounded.
The iguana bites you!
You hit the iguana.
The iguana is severely wounded.
The iguana barely misses you.
You completely miss the iguana.
The iguana is severely wounded.
The iguana bites you!
* * * LOW HITPOINT WARNING * * *
You hit the iguana but do no damage.
The iguana is severely wounded.
The iguana bites you!
* * * LOW HITPOINT WARNING * * *
You completely miss the iguana.
The iguana is severely wounded.
The iguana closely misses you.
You hit the iguana.
You kill the iguana!
Your Fighting skill increases to level 7!
Your Polearms skill increases to level 9!
Your Armour skill increases to level 7!
You have reached level 5!
You puncture the jelly!
Your hands burn!
* * * LOW HITPOINT WARNING * * *
The jelly is severely wounded.
The jelly barely misses you.
You hit the jelly.
Your hands burn!
You die... ▓▓▓▓▓▓▓▓▓▓▓▓▓▓▓▓▓▓ +....J@....)'...<▓ ▓▓▓▓▓▓▓▓▓▓▓▓▓▓▓▓▓▓

You could see a jelly.

Vanquished Creatures
  An ice beast (D)
  A bombardier beetle (D)
  An iguana (D)
  An adder (D)
  A goblin (D)
  A hobgoblin (D)
  2 kobolds (D)
  A rat (D)
9 creatures vanquished.

Notes
Turn   | Place    | Note
-------+----------+-------------------------------------------
     0 | D        | Heoruswealwe the Minotaur Fighter began the quest for the
                  | Orb.
     0 | D        | Reached XP level 1. HP: 19/19 MP: 0/0
     5 | D        | Reached skill level 3 in Polearms
    21 | D        | Noticed a jelly
    21 | D        | Noticed an iguana
    21 | D        | Noticed a bombardier beetle
    21 | D        | Noticed an ice beast
    25 | D        | Reached skill level 4 in Polearms
    25 | D        | Reached XP level 2. HP: 25/28 MP: 1/1
    34 | D        | Killed an ice beast
    35 | D        | Reached skill level 7 in Polearms
    35 | D        | Reached XP level 3. HP: 32/38 MP: 2/2
    35 | D        | Reached XP level 4. HP: 38/45 MP: 3/3
    38 | D        | Reached skill level 8 in Polearms
    47 | D        | Reached skill level 9 in Polearms
    47 | D        | Reached XP level 5. HP: 7/52 MP: 4/4
    47 | D        | HP: 2/52 [acid (5)]
    48 | D        | Splashed by a jelly's acid

Illustrated notes

Levels and vault maps discovered:
D:        linesprint [early_d, line_temple, items_1, d_10, items_2, lair_1,
          lair_end, items_3, orc_1, orc_end, items_4, d_15, swamp_1, shoals_1,
          snake_1, spider_1, d_20, vaults_1, items_5, swamp_end, shoals_end,
          snake_end, spider_end, vaults_end, d_27, items_6, zot_1, zot_end,
          crypt_end, forest_end, elf_end, slime_end, tomb_end, abyss_end,
          pan_hell_end]

Skill      XL: |  1  2  3  4 |
---------------+-------------+-----
Polearms       | 4 7 9 |  9.2
Fighting       | 4 6 7 |  7.2
Armour         | 4 6 7 |  7.2
Shields        | |  3.6

Action                     |  1- 3 |  4- 6 || total
---------------------------+-------+-------++-------
  Melee: Trident           |    20 |    14 ||    34
         Headbutt          |     2 |     2 ||     4
    Use: Potion            |     1 |       ||     1
 Armour: Scale mail        |    12 |     5 ||    17
  Dodge: Dodged            |     6 |     3 ||     9
  Block: Buckler           |     6 |     1 ||     7
